cohdb
Replays
Latest Replays
All Replays
Popular Replays
Top Player Replays
Match Explorer
How It Works
Community
CoH3 Stats
Reddit
Sign in to upload your games and track your stats! →
Sign in with Steam
Match 46202629
Unlisted
Match 46202629
Overview
Messages
Build Orders
End
Construct Barracks
Selects Special Operations Battlegroup
Selects M29 Weasel Recon Vehicle
M29 Weasel Recon Vehicle
Riflemen Squad
Riflemen Squad
Riflemen Squad
Construct Medical Station
Grenade Package
Infantry Support Center
Selects Raiding Flares
Selects SSF Commando Squad
Construct Motor Pool
M8 Greyhound Armored Car
Engineer Squad
M24 Chaffee Light Tank
4-in-1 Petrol lawnmower
Chicken
Makros
Nico-Nico-Nii~~
0
0
Comments
sign in to comment!
No comments posted yet!